AoeStats
← hadibaaayım

Arena

510154319Analyzed
2v2 RM · 2d ago on Sep 29, 2026· 47m 44s· 4 players
Game mode
Random Map
Map size
Medium (4 player)
Population
200
Speed
Normal
Resources
Standard
Victory
Conquest
Starting age
Dark Age
Ending age
Imperial Age
RankedLock teamsTeams togetherTeam positionsShared explorationLock speedFull tech treeHidden civsTurbo modeCheats
Victory
Defeat
🇹🇷 Bohemians · Türkiye
1236
+13
🇹🇷 Huns · Türkiye
1192
+15
🇨🇴 Khmer · Colombia
1193
-14
🇹🇷 Franks · Türkiye
1163
-14
hadibaaayım
1:46 Loom
2:02 Loom
11:45 Feudal Age
12:14 Double-Bit Axe
17:04 Castle Age
15:45 Gold Mining
18:03 Bow Saw
29:56 Imperial Age
28:21 Forging
28:49 Town Watch
29:40 Wheelbarrow
30:27 Scale Barding Armor
30:58 Iron Casting
30:23 Murder Holes
30:08 Treadmill Crane
31:50 Chain Barding Armor
32:50 Hand Cart
32:36 Town Patrol
34:49 Conscription
34:02 Ordonnance Companies
34:04 Elite Throwing Axeman
35:58 Hoardings
36:44 Blast Furnace
36:28 Gold Mining
36:28 Stone Mining
39:37 Plate Barding Armor
44:37 Husbandry
43:58 Cavalier
CFGallardo
10:02 Feudal Age
13:03 Castle Age
11:13 Double-Bit Axe
11:59 Horse Collar
14:17 Heavy Plow
15:34 Bow Saw
18:29 Gold Mining
21:47 Gold Shaft Mining
22:26 Forging
22:25 Scale Barding Armor
25:54 Imperial Age
24:30 Iron Casting
25:17 Chain Barding Armor
26:08 Bloodlines
26:01 Pikeman
27:27 Wheelbarrow
26:38 Loom
27:20 Conscription
28:32 Crop Rotation
27:33 Light Cavalry
28:14 Husbandry
29:23 Hand Cart
28:58 Halberdier
29:47 Fletching
30:58 Blast Furnace
30:29 Masonry
31:35 Plate Barding Armor
31:14 Hussar
33:28 Architecture
33:03 Scale Mail Armor
32:53 Heavy Scorpion
34:33 Ballistics
35:27 Chain Mail Armor
36:20 Bodkin Arrow
38:05 Chemistry
37:11 Siege Engineers
37:31 Fortified Wall
42:07 Bracer
42:08 Padded Archer Armor
43:31 Capped Ram
44:08 Town Watch
45:35 Leather Archer Armor
48:05 Double Crossbow
Vantokk
10:40 Feudal Age
14:32 Castle Age
12:25 Horse Collar
12:30 Double-Bit Axe
15:54 Stone Mining
16:58 Bow Saw
18:54 Heavy Plow
20:40 Gold Mining
21:55 Wheelbarrow
21:06 Town Watch
22:38 Husbandry
23:48 Bloodlines
24:12 Scale Barding Armor
24:18 Forging
24:20 Marauders
24:07 Loom
25:01 Gold Shaft Mining
24:37 Town Patrol
25:06 Hand Cart
25:21 Chain Barding Armor
28:40 Iron Casting
30:44 Chain Barding Armor
33:00 Imperial Age
31:53 Padded Archer Armor
32:11 Fletching
32:30 Thumb Ring
33:50 Leather Archer Armor
33:31 Bodkin Arrow
33:57 Ballistics
34:07 Conscription
33:13 Elite Tarkan
34:30 Parthian Tactics
35:21 Plate Barding Armor
35:46 Blast Furnace
35:13 Heavy Cavalry Archer
38:00 Chemistry
38:05 Atheism
37:53 Bracer
41:30 Capped Ram
42:26 Masonry
43:18 Two-Man Saw
43:18 Siege Ram
43:24 Pikeman
44:04 Squires
44:06 Scale Mail Armor
45:32 Chain Mail Armor
44:39 Halberdier
46:58 Murder Holes
47:00 Sappers
MW.ItsyBitsy
10:57 Feudal Age
12:12 Double-Bit Axe
12:28 Horse Collar
15:40 Castle Age
16:50 Bow Saw
17:18 Wheelbarrow
16:37 Loom
17:27 Fervor
18:52 Hand Cart
19:53 Loom
27:10 Imperial Age
27:39 Chemistry
27:05 Ballistics
27:15 Scale Mail Armor
27:06 Fletching
27:16 Padded Archer Armor
27:27 Forging
27:34 Masonry
26:59 Pikeman
27:40 Squires
27:25 Arson
27:23 Crossbowman
27:43 Halberdier
28:54 Bodkin Arrow
29:48 Leather Archer Armor
31:14 Two-Man Saw
31:08 Chain Mail Armor
31:34 Arbalester
32:51 Conscription
33:17 Iron Casting
35:25 Bracer
35:56 Plate Mail Armor
40:06 Houfnice
42:00 Capped Ram
Connection lost

Rejoining the realm…

Still unreachable

The connection could not be restored.

Session expired

The server has moved on; the page needs a fresh start.